 Dungeon Crawl Stone Soup version 0.30.0-10-gfe55d96785 (webtiles) character file.

Game seed: 15834903432969687230

3290 SeerSkye the Slicer (level 10, 0/75 (76) HPs)
             Began as a Merfolk Artificer on May 14, 2023.
             Was an Elder of Fedhas.
             Slain by a two-headed ogre
             ... wielding a +0 giant club
              (25 damage)
             ... on level 8 of the Dungeon.
             The game lasted 00:28:11 (7300 turns).

SeerSkye the Slicer (Merfolk Artificer)             Turns: 7300, Time: 00:28:12

HP:   0/75 (76)     AC:  8    Str: 12    XL:     10   Next: 1%
MP:   13/14         EV: 10    Int: 11    God:    Fedhas [****..]
Gold: 303           SH: 10    Dex: 19    Spells: 9/9 levels left

rFire   + . .        A - +2 rapier (drain)
rCold   . . .        j - +0 kite shield
rNeg    . . .        b - +0 leather armour
rPois   +            e - +1 hat
rElec   .            R - +0 cloak
rCorr   .            o - +1 pair of gloves
SInv    .            I - +0 pair of boots
Will    .....        H - amulet of the acrobat
Stlth   +++          v - ring of poison resistance
HPRegen 0.32/turn    U - ring of protection from fire
MPRegen 0.14/turn

%: acrobat
@: lightly drained
A: (nimble swimmer 2), mertail
a: Renounce Religion, Wall of Briars, Grow Ballistomycete, Overgrow


You were on level 8 of the Dungeon.
You worshipped Fedhas.
Fedhas was greatly pleased with you.
You visited 1 branch of the dungeon, and saw 8 of its levels.
You also visited: Sewer.

You collected 303 gold pieces.

Inventory:

Hand Weapons
 c - a +4 flail of holy wrath
 f - a +0 dagger of electrocution
 h - a +4 scimitar
 A - a +2 rapier of draining (weapon)
 B - a +3 long sword of freezing
 K - a +2 sling of electrocution
Missiles
 G - a poisoned dart
 T - 4 boomerangs (quivered)
 X - 4 javelins
Armour
 b - a +0 leather armour (worn)
 e - a +1 hat (worn)
 g - a +0 ring mail
 j - a +0 kite shield (worn)
 l - a +1 robe of the Archmagi
 o - a +1 pair of gloves (worn)
 I - a +0 pair of boots (worn)
 R - a +0 cloak (worn)
Jewellery
 v - a ring of poison resistance (left hand)
 H - an amulet of the acrobat (around neck)
 S - a ring of magical power
 U - a ring of protection from fire (right hand)
Wands
 d - a wand of charming (12)
 i - a wand of polymorph (23)
 E - a wand of light (1)
 V - a wand of paralysis (8)
Scrolls
 m - a scroll of enchant armour {unknown}
 p - 2 scrolls of noise {unknown}
 r - a scroll of fog {unknown}
 u - 2 scrolls of fear
 x - a scroll of acquirement {unknown}
 y - 2 scrolls of teleportation
 J - 2 scrolls of amnesia {unknown}
 L - a scroll of brand weapon {unknown}
 N - a scroll of summoning {unknown}
 P - a scroll of silence {unknown}
 Q - a scroll of enchant weapon {unknown}
Potions
 a - 2 potions of might {unknown}
 k - a potion of ambrosia {unknown}
 n - a potion of berserk rage {unknown}
 q - 2 potions of resistance
 s - 5 potions of lignification
 t - a potion of haste {unknown}
 w - a potion of invisibility
 z - a potion of cancellation {unknown}
 C - 3 potions of brilliance
 D - 3 potions of curing {@q1}
 F - 2 potions of attraction {unknown}
 M - a potion of heal wounds {unknown}
 O - a potion of magic {unknown}
 W - a potion of mutation {unknown}


   Skills:
 + Level 6.0 Fighting
 * Level 10.8 Short Blades
 - Level 0.6 Armour
 - Level 2.6 Dodging
 - Level 5.0 Stealth
 * Level 4.8 Shields
 - Level 6.1 Invocations
 - Level 3.0 Evocations


You had 9 spell levels left.
You didn't know any spells.
Your spell library contained the following spells:

 Spells                   Type           Power      Damage    Failure   Level
 Apportation              Tloc           0%         N/A       85%         1
 Sandblast                Erth           0%         2d4       85%         1
 Passwall                 Tmut/Erth      0%         N/A       94%         2
 Stone Arrow              Conj/Erth      0%         3d7       99%         3
 Alistair's Intoxication  Tmut/Pois      0%         N/A       100%        5


Dungeon Overview and Level Annotations

Branches:
Dungeon (8/15) Zot: 25796  Temple (0/1) D:5           Sewer (visited)
   Lair: D:8-11

Altars:
Fedhas
Kikubaaqudgha
The Shining One


Innate Abilities, Weirdness & Mutations

((You are very nimble when in or above water. (Stealth+, EV+, Speed+++)))
Your lower body shifts to a powerful aquatic tail in water.


Message History

A two-headed ogre comes into view.
It is wielding a +0 giant club and a +0 giant spiked club.
Found a dagger.
The two-headed ogre shouts in stereo!
Unknown command.
You don't know any spells.
Unknown command.
Aiming: Grow Ballistomycete (14% risk of failure)
Press: ? - help, Dir - move target A ballistomycete grows from the ground.
You block the two-headed ogre's attack.
The two-headed ogre completely misses you.
You block the two-headed ogre's attack.
The two-headed ogre hits you with a +0 giant spiked club!
You don't know any spells.
Unknown command.
Aiming: Overgrow
Press: ? - help, Dir - move target You fail to use your ability.
You block the two-headed ogre's attack. The two-headed ogre closely misses you.
You puncture the two-headed ogre!
The two-headed ogre is lightly wounded.
You completely miss the two-headed ogre.
The two-headed ogre is lightly wounded.
The two-headed ogre barely misses you. The two-headed ogre closely misses you.
You hit the two-headed ogre.
The two-headed ogre is moderately wounded.
You hit the two-headed ogre. You drain the two-headed ogre.
The two-headed ogre is moderately wounded.
The two-headed ogre hits you with a +0 giant club!!
The two-headed ogre closely misses you.
Unknown command.
You barely miss the two-headed ogre.
The two-headed ogre is moderately wounded.
You hit the two-headed ogre.
The two-headed ogre is moderately wounded.
The two-headed ogre hits you with a +0 giant club!!
* * * LOW HITPOINT WARNING * * *
The two-headed ogre hits you with a +0 giant spiked club!!
You die...
Fedhas appreciates your contribution to the ecosystem.

#.#. ###.......##......#
#.##.#.....>......P....#
###.###..#.......#####.###
.....###..........#
##.##....#.#.#.#.##
#.##.............####.#
##.##..#.####..........#
.....#.#.# #.##O.######
.##.##.#.####.##@.#
.##.##.#....#.##..#
.##.........#.##.)#
.##..#.###..#.##..#
.....#.# #..#.##..#
.....#.# #..#.##)[#
.....#.###..#.##)<# ...
#............# ...
#####..#.###.#


You could see a two-headed ogre (drained).

Vanquished Creatures
  Grinder (D:6)
  Prince Ribbit (D:5)
  A spriggan (D:7)
  Edmund (D:5)
  An acid dragon (D:7)
  2 water moccasins
  2 orc warriors
  3 ice beasts
  An ogre (D:5)
  A centaur (D:8)
  2 phantoms
  2 scorpions
  8 wights (D:8)
  A howler monkey (D:4)
  2 hounds (D:6)
  A gnoll bouda (D:7)
  2 orc priests
  5 jellies
  4 iguanas
  2 orc wizards
  A hell rat (Sewer)
  Robin (D:4)
  9 gnolls
  14 adders
  2 river rats (Sewer)
  A shadow imp (D:5)
  3 white imps (D:6)
  2 ufetubi
  A worm (D:4)
  A dart slug (D:3)
  16 orcs
  9 ball pythons
  3 endoplasms (D:2)
  5 giant cockroaches
  20 goblins
  9 hobgoblins
  8 kobolds
  6 quokkas
  A bat (D:1)
  4 frilled lizards
  12 rats
171 creatures vanquished.

Vanquished Creatures (collateral kills)
  A wight (D:8)
  A gnoll (D:7)
2 creatures vanquished.

Vanquished Creatures (others)
  A human (D:3)
  A gnoll (D:2)
  An adder (D:2)
3 creatures vanquished.

Grand Total: 176 creatures vanquished

Notes
Turn   | Place    | Note
-------+----------+-------------------------------------------
     0 | D:1      | SeerSkye the Merfolk Artificer began the quest for the Orb.
     0 | D:1      | Reached XP level 1. HP: 15/15 MP: 1/1
     6 | D:1      | Noticed an iguana
     6 | D:1      | Noticed a swamp drake
     6 | D:1      | Noticed a scorpion
     6 | D:1      | Noticed a black mamba
     6 | D:1      | Noticed a polar bear
   156 | D:1      | Reached XP level 2. HP: 10/21 MP: 2/2
   352 | D:1      | Reached skill level 1 in Short Blades
   641 | D:1      | Found a faded altar of an unknown god.
   650 | D:1      | Prayed at the altar of an unknown god.
   650 | D:1      | Became a worshipper of Fedhas Madash
   650 | D:1      | Reached * piety under Fedhas
   715 | D:1      | Reached XP level 3. HP: 26/26 MP: 3/3
   892 | D:2      | Reached skill level 2 in Short Blades
   894 | D:2      | Reached XP level 4. HP: 33/33 MP: 4/4
  1444 | D:2      | Reached ** piety under Fedhas
  1605 | D:2      | Reached XP level 5. HP: 36/36 MP: 5/5
  2036 | D:3      | Reached skill level 3 in Short Blades
  2112 | D:3      | Found an ancient bone altar of Kikubaaqudgha.
  2113 | D:3      | Noticed a human
  2115 | D:3      | Killed a human
  2183 | D:4      | Reached skill level 1 in Shields
  2328 | D:4      | Reached skill level 4 in Short Blades
  2328 | D:4      | Reached XP level 6. HP: 44/44 MP: 6/6
  2716 | D:4      | Noticed Robin
  2725 | D:4      | Reached skill level 5 in Short Blades
  2726 | D:4      | Reached *** piety under Fedhas
  2761 | D:4      | Killed Robin
  3001 | D:5      | Entered Level 5 of the Dungeon
  3001 | D:5      | Noticed a water moccasin
  3022 | D:5      | Killed a water moccasin
  3023 | D:5      | Reached XP level 7. HP: 50/50 MP: 7/7
  3260 | D:5      | Reached skill level 6 in Short Blades
  3474 | D:5      | Found a glowing golden altar of the Shining One.
  3694 | D:5      | Found a staircase to the Ecumenical Temple.
  3695 | D:5      | Noticed Edmund
  3707 | D:5      | Killed Edmund
  3708 | D:5      | Reached skill level 7 in Short Blades
  3708 | D:5      | Reached skill level 5 in Stealth
  3708 | D:5      | Reached XP level 8. HP: 29/57 MP: 8/8
  3896 | D:5      | Noticed Prince Ribbit
  3898 | D:5      | Killed Prince Ribbit
  3952 | D:5      | Reached skill level 1 in Invocations
  4052 | D:6      | Reached skill level 8 in Short Blades
  4144 | D:6      | Reached **** piety under Fedhas
  4249 | D:6      | Found a glowing drain.
  4253 | Sewer    | Entered a sewer
  4684 | D:6      | Noticed Grinder
  4722 | D:6      | Killed Grinder
  4723 | D:6      | Reached skill level 9 in Short Blades
  4723 | D:6      | Reached XP level 9. HP: 32/66 MP: 11/11
  5682 | D:7      | Reached skill level 5 in Fighting
  5682 | D:7      | Reached skill level 5 in Invocations
  6223 | D:8      | Reached skill level 10 in Short Blades
  7158 | D:8      | Reached XP level 10. HP: 46/75 MP: 11/14
  7275 | D:8      | Noticed a two-headed ogre
  7300 | D:8      | Slain by a two-headed ogre

Illustrated notes

Levels and vault maps discovered:
D:1:      onia_arrival_zoo_common, layout_loops_ring,
          shapermc_ecumenical_altar_pompeii, amcnicky_mini_corridor_feature,
          minmay_misc_feat_columns
D:2:      layout_loops_cross
D:3:      layout_basic, tgw_kikubaaqudgha, serial_park_tiny_1, minivault_27
D:4:      layout_basic, uniq_robin
D:5:      layout_loops_ring, nicolae_overflow_crystal_walls, temple_green,
          saegor_snake_ambush, uniq_prince_ribbit1, uniq_edmund
D:6:      layout_loops_ring, gup_sewer_entry_bowl, uniq_grinder
D:7:      layout_basic, the_hattery
D:8:      layout_loops_ring, zin_scriptorium, serial_shops, shop, st_stairs_4

Skill      XL: |  1  2  3  4  5  6  7  8  9 |
---------------+----------------------------+-----
Stealth        | 2 3 5 |  5.0
Short Blades   | 1 2 4 5 7 9 10 | 10.8
Fighting       | 2 4 6 |  6.0
Shields        | 2 3 4 |  4.8
Invocations    | 3 6 |  6.1
Armour         | |  0.6
Dodging        | |  2.6
Evocations     | |  3.0

Action                     |  1- 3 |  4- 6 |  7- 9 | 10-12 || total
---------------------------+-------+-------+-------+-------++-------
  Melee: Dagger            |    35 |       |    49 |       ||    84
         Club              |    11 |       |       |       ||    11
         Short sword       |    28 |    38 |       |       ||    66
         Rapier            |       |    94 |   251 |     6 ||   351
         Unarmed           |       |    14 |       |       ||    14
         Tailslap          |       |       |     2 |       ||     2
         Flail             |       |       |     4 |       ||     4
  Throw: Dart              |       |    13 |     4 |       ||    17
         Boomerang         |       |       |    22 |       ||    22
 Invoke: Wall of Briars    |       |       |     3 |       ||     3
         Grow Ballistomyce |       |       |       |     1 ||     1
  Evoke: Wand              |     9 |     7 |    11 |       ||    27
    Use: Scroll            |       |     3 |     4 |       ||     7
         Potion            |       |     1 |     1 |       ||     2
   Stab: Sleeping          |     2 |     6 |    10 |       ||    18
         Invisible         |       |       |     1 |       ||     1
         Paralysed         |       |       |     1 |       ||     1
 Armour: Leather armour    |    23 |    31 |    41 |       ||    95
         Skin              |       |    13 |       |       ||    13
  Dodge: Dodged            |    34 |    55 |    85 |     5 ||   179
  Block: Kite shield       |    28 |    54 |   106 |     3 ||   191
